 Dungeon Crawl Stone Soup version 0.29.1-2-gbd0b4ee654 (webtiles) character file.

Game seed: 18444443179771681473

419 VictoriousLee the Digger (level 6, 0/32 HPs)
             Began as a Gargoyle Earth Elementalist on Nov 25, 2022.
             Slain by a gnoll
             ... wielding a +0 flail
             ... led by a gnoll bouda
              (6 damage)
             ... on level 4 of the Dungeon.
             The game lasted 00:17:50 (4157 turns).

VictoriousLee the Digger (GrEE)                     Turns: 4157, Time: 00:17:50

Health: 0/32       AC:  8    Str: 12    XL:     6   Next: 93%
Magic:  2/10       EV: 11    Int: 17    God:
Gold:   272        SH:  0    Dex: 10    Spells: 5/11 levels left

rFire   . . .      SeeInvis .   w - +3 short sword
rCold   . . .      Faith    .   (no shield)
rNeg    + . .      Spirit   .   a - +0 robe
rPois   ∞          Reflect  .   y - +0 helmet
rElec   +          Harm     .   h - +0 cloak
rCorr   +          Rampage  .   (no gloves)
Will    .....                   (no boots)
Stlth   ++........              (no amulet)
HPRegen 0.10/turn               g - ring of resist corrosion
MPRegen 0.12/turn               (no ring)

@: no status effects
A: sickness immunity, AC +4, negative energy resistance 1, electricity
resistance, torment resistance 1, petrification resistance
a: no special abilities


You were on level 4 of the Dungeon.
You visited 1 branch of the dungeon, and saw 4 of its levels.

You collected 272 gold pieces.

Inventory:

Hand Weapons
 f - a +0 dagger
 k - a +0 long sword
 t - a +0 mace
 u - a +0 whip
 w - a +3 short sword (weapon)
Armour
 a - a +0 robe (worn)
 h - a +0 cloak (worn)
 n - a scarf of shadows
 v - a +0 leather armour
 y - a +0 helmet (worn)
Jewellery
 g - a ring of resist corrosion (left hand)
 j - an amulet of faith
 z - an amulet of guardian spirit
Scrolls
 c - 3 scrolls of enchant armour {unknown}
 e - 2 scrolls of blinking {unknown}
 i - a scroll of amnesia {unknown}
 m - 11 scrolls of identify {unknown}
 o - 4 scrolls of teleportation {unknown}
 x - a scroll of torment {unknown}
 A - 2 scrolls of summoning {unknown}
 B - a scroll of silence {unknown}
Potions
 b - a potion of magic
 d - a potion of attraction {unknown}
 l - 3 potions of curing {unknown}
 p - a potion of flight {unknown}
 q - 2 potions of brilliance {unknown}
 r - 3 potions of might {unknown}
 s - a potion of resistance


   Skills:
 - Level 1.5 Dodging
 - Level 2.1 Stealth
 - Level 3.0 Spellcasting
 * Level 4.5 Conjurations
 - Level 0.7 Transmutations
 + Level 6.7 Earth Magic


You had 5 spell levels left.
You knew the following spells:

 Your Spells              Type           Power      Damage    Failure   Level
a - Sandblast             Erth           50%        2d12      1%          1
b - Passwall              Tmut/Erth      12%        N/A       6%          2
c - Stone Arrow           Conj/Erth      42%        3d9       5%          3

Your spell library contained the following spells:

 Spells                   Type           Power      Damage    Failure   Level
 Shock                    Conj/Air       40%        1d5       7%          1
 Summon Small Mammal      Summ           8%         N/A       17%         1
 Petrify                  Tmut/Erth      15%        N/A       36%         4
 Call Canine Familiar     Summ           2%         N/A       45%         3
 Ozocubu's Armour         Ice            2%         N/A       45%         3
 Summon Guardian Golem    Hex/Summ       2%         N/A       45%         3
 Swiftness                Air            2%         N/A       45%         3
 Airstrike                Air            1%         2d(1-17)  86%         4
 Metabolic Englaciation   Hex/Ice        1%         N/A       99%         5
 Simulacrum               Ice/Necr       1%         N/A       100%        6


Dungeon Overview and Level Annotations

Branches:
Dungeon (4/15)
 Temple: D:4-7

Altars:
Trog

Shops:
D:1 [


Innate Abilities, Weirdness & Mutations

You are immune to sickness and miasma.
Your stone body is resilient. (AC +4)
You are immune to poison.
You resist negative energy. (rN+)
You are resistant to electric shocks. (rElec)
You are resistant to unholy torment.
You are immune to petrification.


Message History

The iguana bites you!
Aiming: Sandblast (safe; 1% risk of failure)
Press: ? - help, Q - select action, (/) - cycle Shift-Dir - straight line, f - iguana, p - gnoll bouda
Aim: an iguana (85% to hit)
The blast of sand hits the iguana.
The iguana is moderately wounded.
The iguana bites you! The iguana closely misses you.
Casting: Sandblast (safe; 1% risk of failure)
Confirm with . or Enter, or press ? or * to list all spells.
Okay, then.
Aiming: Sandblast (safe; 1% risk of failure)
Press: ? - help, Q - select action, (/) - cycle Shift-Dir - straight line, f/p - iguana
Aim: an iguana (moderately wounded, 85% to hit)
The blast of sand hits the iguana!
The iguana is almost dead.
The iguana bites you. The gnoll closely misses you.
Aiming: Sandblast (safe; 1% risk of failure)
Press: ? - help, Q - select action, (/) - cycle Shift-Dir - straight line, f/p - iguana
Aim: an iguana (almost dead, 85% to hit)
The blast of sand hits the iguana.
You kill the iguana!
The gnoll barely misses you. The gnoll hits you with a +0 flail!
* * * LOW HITPOINT WARNING * * *
The gnoll bouda barely misses you.
Aiming: Sandblast (safe; 1% risk of failure)
Press: ? - help, Q - select action, (/) - cycle Shift-Dir - straight line, f - gnoll
Aim: a gnoll, wielding a +0 flail and wearing a +0 ring mail (covering ground quickly, 87% to hit)
The blast of sand hits the gnoll.
The gnoll is lightly wounded.
Your attacks no longer feel as feeble.
The gnoll hits you with a +0 flail.
* * * LOW HITPOINT WARNING * * *
The gnoll bouda hits you but does no damage.
Aiming: Sandblast (safe; 1% risk of failure)
Press: ? - help, Q - select action, (/) - cycle Shift-Dir - straight line, f/p - gnoll
Aim: a gnoll, wielding a +0 flail and wearing a +0 ring mail (lightly wounded, covering ground quickly, 87% to hit)
The blast of sand hits the gnoll but does no damage.
The gnoll is lightly wounded.
The gnoll hits you with a +0 flail.
You die...

...........#####.# #..........#
.##...>.########.# #.##.###.#.#
...)#..#.........# #......#....
..#.#..#.######################.#
....#..#.....#............ ##'#
....#...####.#.###...#### #...
....###.##...#.###...# #...
.........#.#...g.#...# #...
#...##...#.#.#.#@#...######. #...
#...##...+...#.#g#.......... ####
#...##...#..........#.....##
#...####.#................# #...#
.####.###'###.....# #.... .# #.#
#.# #.....# #..# ..
##.###.###.....# #. +.._###.....#
. ###.###.)...###


You could see a gnoll bouda and a gnoll (swift).

Vanquished Creatures
  2 ogres (D:4)
  An iguana (D:4)
  5 adders
  3 gnolls
  An adder zombie (D:2)
  2 adder skeletons (D:2)
  4 worms
  2 dart slugs
  8 orcs
  12 ball pythons
  8 bats
  2 bat skeletons (D:2)
  4 endoplasms
  5 giant cockroaches
  5 goblins
  12 hobgoblins
  3 jackals (D:1)
  11 kobolds
  4 quokkas
  3 ball python skeletons (D:2)
  7 frilled lizards
  A giant cockroach zombie (D:2)
  A jackal skeleton (D:2)
  A quokka skeleton (D:2)
  A quokka zombie (D:2)
  6 rats
114 creatures vanquished.

Vanquished Creatures (others)
  3 withered plants (D:2)
3 creatures vanquished.

Grand Total: 117 creatures vanquished

Notes
Turn   | Place    | Note
-------+----------+-------------------------------------------
     0 | D:1      | VictoriousLee the Gargoyle Earth Elementalist began the
                  | quest for the Orb.
     0 | D:1      | Reached XP level 1. HP: 10/10 MP: 3/3
    98 | D:1      | Reached XP level 2. HP: 9/15 MP: 0/5
   404 | D:1      | Found Xishufas's Armour Boutique.
   471 | D:1      | Reached skill level 4 in Earth Magic
   633 | D:1      | Reached XP level 3. HP: 19/19 MP: 5/7
   636 | D:1      | Learned a level 2 spell: Passwall
   640 | D:1      | Learned a level 3 spell: Stone Arrow
  1590 | D:2      | Reached XP level 4. HP: 24/24 MP: 4/8
  1668 | D:2      | Reached skill level 5 in Earth Magic
  3005 | D:3      | Reached skill level 1 in Conjurations
  3009 | D:3      | Reached XP level 5. HP: 28/28 MP: 5/9
  3353 | D:3      | Reached skill level 6 in Earth Magic
  3617 | D:3      | Identified the +3 ring mail "Mipruss" {Int-4 Dex+6}
  3940 | D:4      | Found a bloodstained altar of Trog.
  3956 | D:4      | Noticed an ogre
  3971 | D:4      | Killed an ogre
  3972 | D:4      | Reached XP level 6. HP: 32/32 MP: 4/10
  4157 | D:4      | Slain by a gnoll

Illustrated notes

Levels and vault maps discovered:
D:1:      psy_arrival_whirlpool, layout_basic, serial_shops,
          nicolae_shop_window_shopping, minmay_pentomino_w4
D:2:      layout_basic, serial_undead, serial_undead_d, serial_undead_f,
          serial_undead_a, serial_undead_c, serial_undead_f, serial_undead_b,
          serial_undead_e, serial_undead_f, serial_undead_f, serial_undead_f,
          corexii_leaking_fountain
D:3:      minmay_razor_zed, layout_basic
D:4:      black_bear_nest_1, layout_basic, lemuel_doored_altar,
          pdpol_wu_jian_five_deadly_venoms, minmay_temple_entry_butterflies,
          st_stairs_8

Skill      XL: |  1  2  3  4  5  6 |
---------------+-------------------+-----
Earth Magic    | 4 5 6 |  6.7
Spellcasting   | 3 |  3.0
Conjurations   | 1 3 4 |  4.5
Dodging        | |  1.5
Stealth        | |  2.1
Transmutations | |  0.7

Action                   |  1- 3 |  4- 6 || total
-------------------------+-------+-------++-------
Melee: Unarmed           |    11 |       ||    11
       Dagger            |    32 |     7 ||    39
       Short sword       |       |    14 ||    14
       Whip              |       |     3 ||     3
       Punch             |       |     1 ||     1
 Cast: Sandblast         |    48 |   108 ||   156
Armor: Robe              |    23 |    32 ||    55
Dodge: Dodged            |    37 |    49 ||    86
